 Dungeon Crawl Stone Soup version 0.27.0-1-g7a089689b8 (webtiles) character file.

Game seed: 17168388258534494406

52 sanka the Grave Robber (level 3, -2/19 HPs)
             Began as a Gargoyle Necromancer on Aug 4, 2021.
             Slain by a frilled lizard (3 damage)
             ... on level 2 of the Dungeon.
             The game lasted 00:01:58 (1820 turns).

sanka the Grave Robber (Gargoyle Necromancer)       Turns: 1820, Time: 00:01:58

Health: -2/19      AC:  5    Str: 11    XL:     3   Next: 85%
Magic:  2/6        EV: 11    Int: 16    God:
Gold:   36         SH:  0    Dex: 10    Spells: 5/6 levels left

rFire    . . .     SeeInvis .   i - +0 hand axe
rCold    . . .     Faith    .   (no shield)
rNeg     + . .     Spirit   .   a - +0 robe
rPois    ∞         Reflect  .   (no helmet)
rElec    +         Harm     .   (no cloak)
rCorr    .         Rampage  .   (no gloves)
Will     .....                  (no boots)
Stlth    ++........             (no amulet)
HPRegen  0.06/turn              (no ring)
MPRegen  0.10/turn              (no ring)

@: no status effects
A: sickness immunity, AC +3, negative energy resistance 1, electricity
resistance, torment resistance 1, petrification resistance
a: no special abilities


You were on level 2 of the Dungeon.
You visited 1 branch of the dungeon, and saw 2 of its levels.

You collected 36 gold pieces.


Innate Abilities, Weirdness & Mutations

You are immune to sickness and miasma.
Your stone body is resilient. (AC +3)
You are immune to poison.
You resist negative energy. (rN+)
You are resistant to electric shocks. (rElec)
You are resistant to unholy torment.
You are immune to petrification.


   Skills:
 - Level 1.5 Dodging
 - Level 2.1 Stealth
 - Level 2.0 Spellcasting
 + Level 4.4 Necromancy


You had 5 spell levels left.
You knew the following spells:

 Your Spells              Type           Power      Damage    Failure   Level
z - Pain                  Necr           60%        1d7       3%          1

Your spell library contained the following spells:

 Spells                   Type           Power      Damage    Failure   Level
 Animate Skeleton         Necr           30%        N/A       3%          1
 Vampiric Draining        Necr           7%         2d7       10%         3
 Blink                    Tloc           N/A        N/A       30%         2
 Animate Dead             Necr           7%         N/A       32%         4
 Lesser Beckoning         Tloc           0%         N/A       52%         3
 Agony                    Necr           15%        N/A       67%         5
 Manifold Assault         Tloc           1%         N/A       99%         5

Inventory:

Hand Weapons
 d - a +0 whip
 i - a +0 hand axe (weapon)
Armour
 a - a +0 robe (worn)
Scrolls
 b - a scroll of identify {unknown}
 g - 2 scrolls of enchant armour {unknown}
Potions
 c - a potion of heal wounds {unknown}
 e - a potion of curing {unknown}
 f - a potion of lignification {unknown}
 h - a potion of haste {unknown}

Dungeon Overview and Level Annotations

Branches:
Dungeon (2/15)

Altars:

Annotations:
D:2 Terence

..▒▒▒▒▒▒▒..▒▒..▒▒.).....▒
...........▒..▒▒..▒..▒▒▒▒
.....▒▒▒▒...........▒▒
..▒▒..▒.......▒▒...▒▒ ▒
.. ▒▒...▒............(.
.▒ ▒▒..▒..▒▒.▒▒▒▒▒.▒▒▒ ▒
▒▒▒▒..▒.▒ ▒†▒▒..l.▒
▒.......▒▒▒g...▒ ▒▒
▒..▒▒▒▒.....▒▒.8▒▒
...▒@.....▒▒.▒▒.l.▒
.....▒▒▒▒w▒▒.▒▒.▒..▒ .▒
▒.▒.....▒▒.▒
▒▒.▒w.▒.......
▒).............
▒...▒▒▒........ ▒£.▒▒
▒......... ▒..▒ .....


You could see a gnoll and a frilled lizard.


Message History

Jessica shouts!
Found a scroll labelled WUIWOEC WANARE and 15 gold pieces.
g - 2 scrolls labelled WUIWOEC WANARE (gained 1)
You see here 15 gold pieces.
Jessica writhes in agony.
Jessica writhes in agony.
Jessica writhes in agony.
You kill Jessica!
You start resting.
A worm is nearby!
A bat comes into view.
A gnoll comes into view. It is wielding a +0 halberd.
The bat barely misses you. The bat barely misses you. The bat hits you.
A bat is nearby!
The bat writhes in agony.
The bat hits you but does no damage. The bat hits you.
The bat writhes in agony.
You kill the bat!
A frilled lizard comes into view.
The frilled lizard hisses angrily.
A frilled lizard comes into view.
The frilled lizard hisses angrily.
The gnoll hits you from afar with a +0 halberd!
Ouch! That really hurt!
* * * LOW HITPOINT WARNING * * *
The frilled lizard bites you.
You die...

Action                   || total
-------------------------++-------
Melee: Unarmed           ||     7
 Cast: Pain              ||    44
Armor: Robe              ||     5
Dodge: Dodged            ||     8

Levels and vault maps discovered:
D:1:      psy_arrival_basics, layout_loops_ring, nrook_mini_backslash
D:2:      layout_rooms, chequers_ecumenical_altar_island, uniq_terence,
          uniq_jessica

Notes
Turn   | Place    | Note
-------+----------+-------------------------------------------
     0 | D:1      | sanka the Gargoyle Necromancer began the quest for the Orb.
     0 | D:1      | Reached XP level 1. HP: 10/10 MP: 3/3
   593 | D:1      | Reached XP level 2. HP: 13/15 MP: 1/5
  1427 | D:2      | Reached skill level 4 in Necromancy
  1452 | D:2      | Noticed Terence
  1773 | D:2      | Reached XP level 3. HP: 16/19 MP: 3/6
  1786 | D:2      | Noticed Jessica
  1801 | D:2      | Killed Jessica
  1818 | D:2      | HP: 1/19 [gnoll (10)]
  1820 | D:2      | Slain by a frilled lizard

Vanquished Creatures
  Jessica (D:2)
  A worm (D:2)
  3 bats
  4 endoplasms
  A goblin (D:2)
  2 hobgoblins
  6 kobolds
  A frilled lizard (D:1)
  3 rats (D:1)
22 creatures vanquished.
